[Event "Team 45 45 League T73"]
[Site "Internet Chess Club"]
[Date "2017.06.15"]
[Round "1"]
[White "pcvan"]
[Black "mattwang"]
[Result "1-0"]
[WhiteElo "1411"]
[BlackElo "1364"]
[Opening "Sicilian: Grand Prix attack"]
[ECO "B23"]
[Time "20:01:07"]
[TimeControl "2700+45"]

1. e4 c5 2. Nc3 Nc6 3. f4 d6 4. Nf3 Nf6 5. Bb5 Bg4 6. O-O e6 7. Qe1 a6 8. Bxc6+
bxc6 9. e5 Nd7 10. exd6 Bxd6 11. d3 O-O 12. Ne4 Be7 13. Be3 Rb8 14. b3 Qc7 15.
Qf2 Qa5 16. Nfd2 Rfd8 17. Nc4 Qb4 18. Bd2 Qb7 19. Bc3 f5 20. Qg3 g6 21. Ned6
Bxd6 22. Nxd6 Qc7 23. Nc4 Nb6 24. Be5 Qb7 25. Bxb8 Qxb8 26. Ne5 Qc7 27. Rae1 Nd5
28. Nxg4 fxg4 29. Rxe6 Qd7 30. Rfe1 Rf8 31. f5 gxf5 32. Qe5 f4 33. c4 Ne3 34.
Re7 Qd4 35. Qxd4 cxd4 36. Re6 f3 37. gxf3 gxf3 38. R1xe3 f2+ 39. Kf1 dxe3 40.
Rxe3 c5 41. Re5 Rf3 42. Rg5+ Kf7 43. Rg3 Rxg3 44. hxg3 Ke6 45. Kxf2 Ke5 46. Ke3
Kd6 47. Kf4 Ke6 48. g4 Kf6 49. Ke4 Kg5 50. d4 cxd4 51. Kxd4 Kxg4 52. c5 Kf5 53.
a4 h5 54. b4 h4 55. Ke3 Ke5 56. b5 axb5 57. axb5 Kd5 58. b6 Kc6 59. Kf4 h3 60.
Kg3 h2 61. Kxh2 Kb7 62. Kg3 Kc6 63. Kf4 Kb7 64. Ke5 Kc6 65. Ke6 Kb7 66. Kd7 Kb8
67. c6 Ka8 68. b7+ {Black resigns} 1-0

[Event "Team 45 45 League T73"]
[Site "Internet Chess Club"]
[Date "2017.06.16"]
[Round "1"]
[White "vedv"]
[Black "drsigmund1"]
[Result "0-1"]
[WhiteElo "1018"]
[BlackElo "1376"]
[Opening "French: advance, Euwe variation"]
[ECO "C02"]
[Time "15:46:35"]
[TimeControl "2700+45"]

1. e4 e6 2. d4 d5 3. e5 c5 4. c3 Nc6 5. Nf3 Bd7 6. Be3 Qb6 7. Nbd2 Nh6 8. Qc2
Nf5 9. Be2 cxd4 10. cxd4 Nfxd4 11. Bxd4 Nxd4 12. Nxd4 Qxd4 13. O-O Qxe5 14. Rfe1
Bd6 15. g3 O-O 16. Nf3 Qf6 17. Bd3 Rac8 18. Qb1 g6 19. Nd2 Bc5 20. Rf1 Bd4 21.
a3 Bxb2 22. Ra2 Bc3 23. Qxb7 Bc6 24. Qxa7 Bxd2 25. Rxd2 Qc3 26. Rdd1 Ra8 27. Qe3
Rxa3 28. Rc1 Qxd3 29. Qxd3 Rxd3 30. Rxc6 Rd2 31. f4 Rb8 32. Rd6 Rbb2 33. Rc6
Rg2+ 34. Kh1 Rxh2+ 35. Kg1 Rbg2# {White checkmated} 0-1

[Event "Team 45 45 League T73"]
[Site "Internet Chess Club"]
[Date "2017.06.18"]
[Round "1"]
[White "Insan996"]
[Black "clarinetref"]
[Result "1/2-1/2"]
[WhiteElo "1637"]
[BlackElo "1523"]
[Opening "QGA: Mannheim variation"]
[ECO "D23"]
[Time "09:17:27"]
[TimeControl "2700+45"]

1. d4 Nf6 2. Nf3 d5 3. c4 dxc4 4. Qa4+ Bd7 5. Qxc4 e6 6. Bf4 c6 7. e3 Na6 8. Bd3
Qa5+ 9. Nbd2 Nb4 10. O-O Nxd3 11. Qxd3 Be7 12. Nc4 Qd5 13. h3 b5 14. Na5 O-O 15.
Ne5 c5 16. Nxd7 Nxd7 17. Qxb5 Nf6 18. Rfd1 Qh5 19. Nc6 Nd5 20. Nxe7+ Nxe7 21.
Bd6 Rfe8 22. Bxe7 Rxe7 23. Rdc1 a6 24. Qc6 Ree8 25. Rxc5 Qe2 26. Rc2 Qh5 27.
Rac1 f6 28. Qd6 Qa5 29. a3 Rad8 30. Qc5 Qa4 31. Qa7 Rd7 32. Rc7 Ree7 33. Rxd7
Rxd7 34. Rc7 Rxc7 35. Qxc7 Qd1+ 36. Kh2 Qb3 37. Qc3 Qb8+ 38. Kg1 Qb5 39. b3 Kf7
40. Qc4 Qa5 41. Qc1 Qb5 42. Qc3 Qh5 43. Qc7+ Kg6 44. Qg3+ Kf7 45. Qc7+ Kg6 46.
Qd6 Qd1+ 47. Kh2 Qxb3 48. Qg3+ Kf7 49. Qd6 Qb2 50. Kg3 Qe2 51. a4 h5 52. Qd7+
Kg6 53. Qxe6 h4+ 54. Kh2 Qxf2 55. Qg4+ Kf7 56. Qf4 Qe1 57. d5 g5 58. Qf3 Qb4 59.
Qg4 Qd6+ 60. g3 hxg3+ 61. Qxg3 Qxd5 62. h4 gxh4 63. Qxh4 Qd2+ 64. Kh1 Qd1+ 65.
Kg2 Qe2+ 66. Kh1 Qxe3 67. Qc4+ Qe6 68. Qc7+ Kg6 69. Qg3+ Kf7 70. Qc7+ Kg6 71.
Qg3+ Kf7 72. Qc7+ {Game drawn by repetition} 1/2-1/2

[Event "Team 45 45 League T73"]
[Site "Internet Chess Club"]
[Date "2017.06.19"]
[Round "1"]
[White "sdcohle"]
[Black "Gilguli"]
[Result "0-1"]
[WhiteElo "1429"]
[BlackElo "1424"]
[Opening "QGD Slav: 4.Nc3"]
[ECO "D15"]
[Time "17:24:38"]
[TimeControl "2700+45"]

1. d4 d5 2. Nf3 Nf6 3. c4 c6 4. Nc3 Bg4 5. e3 e6 6. cxd5 exd5 7. Be2 Bd6 8. O-O
O-O 9. a4 Qc7 10. h3 Bh5 11. Bd2 Nbd7 12. Rc1 Qd8 13. Qc2 Rc8 14. e4 dxe4 15.
Nxe4 Nxe4 16. Qxe4 Bg6 17. Qh4 Be7 18. Qg3 Nf6 19. Qh2 Bd6 20. Bf4 Bb4 21. Rfd1
Nd5 22. Bd2 Bd6 23. g3 Re8 24. Bf1 Bh5 25. Bg2 Qb6 26. Bc3 Re7 27. Qh1 Rce8 28.
g4 Bg6 29. Ne5 Bxe5 30. dxe5 Nxc3 31. bxc3 Rxe5 32. Bf3 Qa5 33. h4 Be4 34. Qh2
Bxf3 35. Qxe5 Qxe5 36. Rd4 c5 37. Rd3 Bxg4 38. Re3 Qb8 39. Rg3 h5 40. Kh2 Re2
41. Rf1 Qf4 42. Kg2 Qxa4 43. Kh2 Qf4 44. Kg2 a5 45. c4 a4 46. Kg1 Qxc4 47. Re3
Rxe3 48. fxe3 Qxf1+ 49. Kxf1 a3 50. e4 a2 {White resigns} 0-1

[Event "Team 45 45 League T73"]
[Site "Internet Chess Club"]
[Date "2017.06.18"]
[Round "1"]
[White "tamky70"]
[Black "Visin"]
[Result "0-1"]
[WhiteElo "1324"]
[BlackElo "1158"]
[Opening "Queen's gambit accepted"]
[ECO "D20"]
[Time "13:30:24"]
[TimeControl "2700+45"]

1. d4 d5 2. c4 dxc4 3. Qa4+ c6 4. Qxc4 e6 5. e3 Nf6 6. Bd3 Nbd7 7. Nf3 Bd6 8.
Nc3 Qc7 9. Ne4 b6 10. Nxd6+ Qxd6 11. O-O a5 12. Ne5 Ba6 13. Qc2 Bxd3 14. Nxd3
Rc8 15. Qe2 O-O 16. Bd2 Rfd8 17. b4 axb4 18. Bxb4 Qb8 19. Be7 Re8 20. Bxf6 Nxf6
21. Qf3 Qa8 22. Ne5 c5 23. dxc5 bxc5 24. Qxa8 Rxa8 25. a4 Rec8 26. Nc4 Ra6 27.
a5 Kf8 28. Rfb1 Nd5 29. Nb6 Nxb6 30. Rxb6 Rxb6 31. axb6 Rb8 32. Rb1 Ke7 33. Kf1
Kd6 34. Ke2 Kc6 35. Kd3 Rxb6 36. Rxb6+ Kxb6 37. Kc4 Kc6 38. h3 e5 39. f3 f5 40.
e4 f4 41. h4 h5 42. Kc3 Kb5 43. Kb3 c4+ 44. Kc3 Kc5 45. Kc2 Kd4 46. Kd2 c3+ 47.
Kc2 Ke3 48. Kxc3 Kf2 49. Kc4 Kxg2 50. Kd5 Kxf3 51. Kxe5 Ke3 52. Kf5 f3 53. e5 f2
{White resigns} 0-1

[Event "Team 45 45 League T73"]
[Site "Internet Chess Club"]
[Date "2017.06.16"]
[Round "1"]
[White "Aquaman"]
[Black "rhayder"]
[Result "0-1"]
[WhiteElo "1336"]
[BlackElo "1158"]
[Opening "English opening"]
[ECO "A16"]
[Time "20:06:42"]
[TimeControl "2700+45"]

1. c4 Nf6 2. Nc3 g6 3. g3 Bg7 4. Bg2 O-O 5. e4 d6 6. Nf3 e5 7. d4 Bg4 8. d5 Nbd7
9. h3 Bxf3 10. Bxf3 Nc5 11. b4 Na6 12. a3 Qd7 13. Bg2 b6 14. O-O Rac8 15. Qe2
Nb8 16. b5 a6 17. a4 Qe8 18. Be3 axb5 19. axb5 Nbd7 20. Na4 Rb8 21. Qd2 Qc8 22.
Nb2 Ra8 23. Nd3 Rxa1 24. Rxa1 Qb7 25. Ra6 Ra8 26. Qa2 Rxa6 27. bxa6 Qa7 28. Nb4
Nb8 29. Bf1 Nxe4 30. Qa3 Nc5 31. Nc6 Nxc6 32. dxc6 Qxa6 33. Qb2 Qa4 34. Qe2 Qxc6
35. Bg2 Qa4 36. Bf3 e4 37. Bg2 c6 38. Bf1 d5 39. cxd5 cxd5 40. f3 Bd4 41. fxe4
dxe4 42. Kg2 Bxe3 43. Qxe3 f5 44. g4 Qc2+ 45. Kg3 Qb3 46. Qxb3+ Nxb3 47. Bc4+
Kg7 48. Bxb3 Kf6 49. gxf5 Kxf5 50. Bc2 g5 51. Bb1 h6 52. Bc2 b5 53. Kf2 Kf4 54.
Bb3 e3+ 55. Ke2 b4 56. Bc4 Ke4 57. Bd3+ Kf4 58. Bc2 h5 59. Bb3 g4 60. hxg4 hxg4
61. Ke1 g3 62. Bd5 Ke5 63. Bb3 g2 {White resigns} 0-1

[Event "Team 45 45 League T73"]
[Site "Internet Chess Club"]
[Date "2017.06.18"]
[Round "1"]
[White "kllrchris"]
[Black "ascoli"]
[Result "1-0"]
[WhiteElo "1690"]
[BlackElo "1553"]
[Opening "Sicilian: dragon, Yugoslav attack, 10.O-O-O"]
[ECO "B78"]
[Time "15:09:45"]
[TimeControl "2700+45"]

1. e4 c5 2. Nf3 d6 3. d4 cxd4 4. Nxd4 Nf6 5. Nc3 g6 6. Be3 Bg7 7. f3 Nc6 8. Bc4
O-O 9. Qd2 Bd7 10. O-O-O Rc8 11. Bb3 Ne5 12. h4 h5 13. Bg5 Nc4 14. Qe2 Na5 15.
Kb1 Nh7 16. Be3 Nxb3 17. axb3 Qa5 18. b4 Qd8 19. g4 Nf6 20. Rdg1 a6 21. Nd5 Nxg4
22. fxg4 Bxg4 23. Rxg4 hxg4 24. Qxg4 e6 25. Bg5 Qe8 26. Nf6+ Bxf6 27. Bxf6 e5
28. Qg5 {Black resigns} 1-0

[Event "Team 45 45 League T73"]
[Site "Internet Chess Club"]
[Date "2017.06.15"]
[Round "1"]
[White "Portola"]
[Black "WillC"]
[Result "1/2-1/2"]
[WhiteElo "1798"]
[BlackElo "1644"]
[Opening "Queen's pawn game, Darooha variation "]
[ECO "D02"]
[Time "19:01:33"]
[TimeControl "2700+45"]

1. d4 d5 2. Nf3 Nf6 3. c3 Bf5 4. Bg5 Ne4 5. Bf4 e6 6. e3 Be7 7. Nbd2 Nd7 8. Nxe4
Bxe4 9. Be2 O-O 10. O-O c5 11. Qb3 Qb6 12. Qxb6 Nxb6 13. a4 a5 14. Nd2 Bc2 15.
Bb5 cxd4 16. exd4 g5 17. Bc7 Nc8 18. Nf3 h6 19. Ne5 Bd6 20. Bxd6 Nxd6 21. Be2
Be4 22. Nd7 Rfd8 23. Nf6+ Kg7 24. Nxe4 Nxe4 25. Rad1 Rac8 26. Rfe1 Rd6 27. f3
Nf6 28. Bb5 Nh5 29. g3 Nf6 30. Re2 Ng8 31. Rde1 Ne7 32. Kg2 Nf5 33. Bd3 Ne7 34.
Kf2 Nc6 35. Kg2 {Game drawn by mutual agreement} 1/2-1/2

[Event "Team 45 45 League T73"]
[Site "Internet Chess Club"]
[Date "2017.06.17"]
[Round "1"]
[White "scottrugby"]
[Black "rubo"]
[Result "1/2-1/2"]
[WhiteElo "1414"]
[BlackElo "1590"]
[Opening "Scotch gambit: Dubois-Réti defense"]
[ECO "C55"]
[Time "15:00:29"]
[TimeControl "2700+45"]

1. e4 e5 2. Nf3 Nc6 3. d4 exd4 4. Bc4 Nf6 5. e5 d5 6. Bb5 Ne4 7. Nxd4 Bd7 8.
Bxc6 bxc6 9. O-O Bc5 10. f3 Ng5 11. Be3 Ne6 12. c3 a5 13. Kh1 Qe7 14. Nf5 Qf8
15. Qd3 Bxe3 16. Qxe3 g6 17. Nd4 Qg7 18. f4 Nxd4 19. cxd4 O-O 20. Nc3 a4 21. b3
axb3 22. axb3 Rfb8 23. Rxa8 Rxa8 24. Na4 Qf8 25. Nc5 Be6 26. Qc3 Qe8 27. Ra1
Rxa1+ 28. Qxa1 Qb8 29. Qa4 Qb5 30. Qxb5 cxb5 31. Na6 c6 32. Nb8 c5 33. dxc5 d4
34. Kg1 Bxb3 35. Kf2 {Game drawn by mutual agreement} 1/2-1/2

[Event "Team 45 45 League T73"]
[Site "Internet Chess Club"]
[Date "2017.06.18"]
[Round "1"]
[White "g8wrb"]
[Black "Scorpius"]
[Result "1/2-1/2"]
[WhiteElo "1165"]
[BlackElo "1331"]
[Opening "Petrov three knights game"]
[ECO "C42"]
[Time "13:01:13"]
[TimeControl "2700+45"]

1. e4 e5 2. Nf3 Nf6 3. Nc3 Bb4 4. d3 d5 5. exd5 Nxd5 6. Bd2 Nc6 7. Be2 O-O 8.
O-O Nf4 9. Bxf4 exf4 10. Qd2 Nd4 11. a3 Nxe2+ 12. Qxe2 Bxc3 13. bxc3 Bg4 14. Qe4
Qf6 15. Qxb7 Qxc3 16. Rfc1 Rfe8 17. h3 Rab8 18. Qd5 Be6 19. Qd4 Qxd4 20. Nxd4
Bd7 21. Rab1 Rbc8 22. Rb7 c5 23. Rxd7 cxd4 24. Rxd4 g5 25. Kf1 Rc3 26. Rd5 h6
27. Ra5 Re7 28. Ra6 Kg7 29. d4 f3 30. gxf3 Rxf3 31. Kg2 Rc3 32. d5 Rd7 33. d6
Kf6 34. f3 Ke6 35. Kf2 Rxd6 36. Rxa7 Rd2+ 37. Ke1 Rdxc2 38. Ra6+ Kf5 39. Rxc2
Rxc2 40. Rxh6 f6 41. Rh8 Rc3 42. h4 gxh4 43. Rxh4 Rxa3 44. Kf2 {Game drawn by
mutual agreement} 1/2-1/2

[Event "Team 45 45 League T73"]
[Site "Internet Chess Club"]
[Date "2017.06.19"]
[Round "1"]
[White "viktory"]
[Black "Elalfer"]
[Result "1-0"]
[WhiteElo "1668"]
[BlackElo "1568"]
[Opening "QGD Slav: 3.Nf3"]
[ECO "D11"]
[Time "12:30:21"]
[TimeControl "2700+45"]

1. d4 d5 2. c4 c6 3. Nf3 e6 4. Qc2 Nf6 5. Bg5 Nbd7 6. e3 h6 7. Bh4 Bb4+ 8. Nbd2
Qa5 9. Bd3 dxc4 10. Bxc4 b5 11. Bd3 Bb7 12. O-O Bxd2 13. Nxd2 O-O 14. Bg3 Rac8
15. Bd6 Rfe8 16. Nb3 Qb6 17. Nc5 a6 18. Rac1 Nxc5 19. Bxc5 Qc7 20. h3 e5 21. Qd2
Nd7 22. Rfe1 e4 23. Be2 Nxc5 24. Rxc5 Qd6 25. Rec1 Red8 26. Qc2 Qe6 27. Bg4 Qxa2
28. Bxc8 Rxc8 29. Re5 Qa5 30. Qxe4 Qd8 31. Rcc5 f6 32. Re7 Ba8 33. Qe6+ Kh8 34.
d5 Qg8 35. d6 Rd8 36. d7 {Black resigns} 1-0

[Event "Team 45 45 League T73"]
[Site "Internet Chess Club"]
[Date "2017.06.18"]
[Round "1"]
[White "krysto"]
[Black "Bizzy-Ketty"]
[Result "0-1"]
[WhiteElo "1569"]
[BlackElo "1600"]
[Opening "Nimzo-Indian: 4.e3 O-O, 5.Bd3"]
[ECO "E47"]
[Time "20:09:57"]
[TimeControl "2700+45"]

1. d4 Nf6 2. c4 e6 3. Nc3 Bb4 4. e3 O-O 5. Bd3 Bxc3+ 6. bxc3 d5 7. Nf3 b6 8. O-O
c5 9. Re1 Bb7 10. Qe2 Qc7 11. Ne5 Rd8 12. f3 Nbd7 13. Nxd7 Qxd7 14. Bb2 Ba6 15.
e4 Qa4 16. cxd5 Bxd3 17. Qxd3 exd5 18. e5 Ne8 19. f4 Nc7 20. f5 Qb5 21. Qxb5
Nxb5 22. a4 Nc7 23. Ba3 Na6 24. g4 h6 25. Re2 Re8 26. Rc1 Rad8 27. Kf2 Rc8 28.
Rec2 Rc7 29. h4 Rec8 30. dxc5 Nxc5 31. Bxc5 Rxc5 32. Kf3 d4 33. e6 fxe6 34. fxe6
Rxc3+ 35. Rxc3 Rxc3+ 36. Rxc3 dxc3 37. Ke3 Kf8 38. Kd3 Ke7 39. Kxc3 Kxe6 40. Kd4
Kd6 {White resigns} 0-1

[Event "Team 45 45 League T73"]
[Site "Internet Chess Club"]
[Date "2017.06.17"]
[Round "1"]
[White "EFXBT"]
[Black "scostanzo212"]
[Result "0-1"]
[WhiteElo "1524"]
[BlackElo "1571"]
[Opening "QGD Slav: 4.e3 Bf5"]
[ECO "D12"]
[Time "16:31:10"]
[TimeControl "2700+45"]

1. d4 d5 2. c4 c6 3. Nf3 Nf6 4. e3 Bf5 5. a3 e6 6. b4 Nbd7 7. Nc3 h6 8. Be2 Be7
9. O-O O-O 10. c5 b6 11. Bd2 bxc5 12. bxc5 Rb8 13. Qa4 Qc7 14. Rfb1 Bxb1 15.
Nxb1 Ne4 16. Bd3 Nxd2 17. Nbxd2 Rb2 18. Nb3 Rb8 19. Na5 Rc8 20. Ne1 e5 21. Ba6
Re8 22. Nxc6 exd4 23. exd4 Nb8 24. Nxe7+ Qxe7 25. h3 Nxa6 26. Qxa6 Qe2 27. Qxe2
Rexe2 28. c6 Rb8 29. Rc1 Kf8 30. Nd3 g6 31. Nb4 Ke7 32. Nxd5+ Kd6 33. Nb4 a5 34.
Na6 Rc8 35. c7 Rb2 36. Nc5 Rxc7 37. Ne4+ Kd7 38. Nf6+ Kd8 39. Rd1 Rc6 40. Ne4
Re6 41. f3 f5 42. Nc5 Ree2 {White resigns} 0-1

[Event "Team 45 45 League T73"]
[Site "Internet Chess Club"]
[Date "2017.06.15"]
[Round "1"]
[White "Pawnchain"]
[Black "Srijan13"]
[Result "1/2-1/2"]
[WhiteElo "1458"]
[BlackElo "1480"]
[Opening "Queen's bishop game"]
[ECO "D00"]
[Time "14:00:19"]
[TimeControl "2700+45"]

1. d4 d5 2. Bf4 Nf6 3. Nf3 c5 4. e3 e6 5. c3 Bd6 6. dxc5 Bxc5 7. Bd3 O-O 8. O-O
Nbd7 9. Nbd2 Re8 10. Ne5 Nxe5 11. Bxe5 Bd6 12. Nf3 Ng4 13. Bxd6 Qxd6 14. h3
{Game drawn by mutual agreement} 1/2-1/2

[Event "Team 45 45 League T73"]
[Site "Internet Chess Club"]
[Date "2017.06.18"]
[Round "1"]
[White "cityprosecutor"]
[Black "LookImYourVader"]
[Result "1/2-1/2"]
[WhiteElo "1711"]
[BlackElo "1734"]
[Opening "Scotch: Göring gambit"]
[ECO "C44"]
[Time "18:05:11"]
[TimeControl "2700+45"]

1. e4 e5 2. Nf3 Nc6 3. d4 exd4 4. c3 d5 5. exd5 Qxd5 6. cxd4 Bg4 7. Be2 Bb4+ 8.
Nc3 Bxf3 9. Bxf3 Qc4 10. Bxc6+ bxc6 11. Qe2+ Qxe2+ 12. Kxe2 O-O-O 13. Be3 Ne7
14. Kd3 c5 15. Kc4 Bxc3 16. bxc3 cxd4 17. Bxd4 Nc6 18. Be3 a6 {Game drawn by
mutual agreement} 1/2-1/2

[Event "Team 45 45 League T73"]
[Site "Internet Chess Club"]
[Date "2017.06.17"]
[Round "1"]
[White "Duguesclin"]
[Black "elessar"]
[Result "1/2-1/2"]
[WhiteElo "1507"]
[BlackElo "1646"]
[Opening "QGD Slav: Slav gambit"]
[ECO "D15"]
[Time "13:01:09"]
[TimeControl "2700+45"]

1. d4 d5 2. c4 c6 3. Nf3 Nf6 4. Nc3 dxc4 5. e4 b5 6. a3 Bb7 7. Be2 e6 8. Bg5 Be7
9. O-O O-O 10. Qc2 Nbd7 11. Rad1 h6 12. Bh4 Nb6 13. Rfe1 Re8 14. e5 Nfd5 15.
Bxe7 Qxe7 16. Ne4 Nc8 17. Nc5 Ncb6 18. Nd2 Red8 19. Nde4 Nc8 20. Bf3 Rb8 21. a4
a6 22. Nxb7 Rxb7 23. Nc5 Ra7 24. b3 cxb3 25. Qxb3 Ncb6 26. Ra1 Rda8 27. Rec1 Qd8
28. g3 Nd7 29. Bxd5 Nxc5 30. Rxc5 bxa4 31. Rxa4 cxd5 32. Rca5 Qc8 {Game drawn by
mutual agreement} 1/2-1/2

[Event "Team 45 45 League T73"]
[Site "Internet Chess Club"]
[Date "2017.06.16"]
[Round "1"]
[White "Hal2001"]
[Black "filmdirector"]
[Result "1/2-1/2"]
[WhiteElo "1615"]
[BlackElo "1623"]
[Opening "Giuoco Pianissimo"]
[ECO "C55"]
[Time "12:06:58"]
[TimeControl "2700+45"]

1. e4 e5 2. Nf3 Nc6 3. Bc4 Nf6 4. d3 Bc5 5. c3 d6 6. h3 O-O 7. Bg5 h6 8. Bh4 a6
9. Bb3 Ba7 10. Nbd2 Be6 11. Bc2 Qe7 12. Qe2 Rfe8 13. Nf1 Na5 14. Ne3 Bxe3 15.
Qxe3 c5 16. g4 Nxg4 17. hxg4 f6 18. g5 fxg5 19. Bxg5 hxg5 20. Nxg5 Qf6 21. Qg3
Qf4 22. Qh4 Qxh4 23. Rxh4 b5 24. Kd2 Bf7 25. Rah1 Kf8 26. Nxf7 Kxf7 27. b4 cxb4
28. cxb4 Nc6 29. Bb3+ Kf6 30. Bd5 Rac8 31. Bxc6 Rxc6 32. Rc1 Rxc1 33. Kxc1 Rc8+
34. Kd2 Ra8 35. f4 a5 36. a3 axb4 37. axb4 Ra4 38. Kc3 Ra3+ 39. Kc2 Ra4 40. Kb3
Ra1 41. f5 {Game drawn by mutual agreement} 1/2-1/2

[Event "Team 45 45 League T73"]
[Site "Internet Chess Club"]
[Date "2017.06.19"]
[Round "1"]
[White "vic20gt"]
[Black "Gilguli"]
[Result "0-1"]
[WhiteElo "1297"]
[BlackElo "1406"]
[Opening "QGD: Albin counter-gambit"]
[ECO "D08"]
[Time "15:02:17"]
[TimeControl "2700+45"]

1. d4 d5 2. c4 e5 3. dxe5 d4 4. Nf3 Nc6 5. e3 Bb4+ 6. Bd2 dxe3 7. fxe3 Bg4 8.
Be2 Nge7 9. O-O Nf5 10. Nd4 Bxe2 11. Nxc6 Bxd1 12. Nxd8 Bxd2 13. Nxd2 Rxd8 14.
e4 Ne3 15. Rfxd1 Nxd1 16. Rxd1 O-O 17. Kf2 Rd3 18. Ke2 Rfd8 19. h4 h5 20. c5 c6
21. b4 a6 22. a4 Kf8 23. e6 fxe6 24. Rf1+ Ke7 25. Nc4 R3d4 26. Nd6 R8xd6 27.
cxd6+ Kxd6 28. Ke3 Rxb4 29. Ra1 Ke5 30. a5 Rxe4+ 31. Kf3 Rxh4 32. Re1+ Kf5 33.
Rb1 Ra4 34. Rxb7 g5 35. Rb6 g4+ 36. Ke3 Rxa5 37. Rxc6 Ra3+ 38. Kd4 e5+ 39. Kc4
Ra2 40. g3 Rc2+ {White resigns} 0-1

[Event "Team 45 45 League T73"]
[Site "Internet Chess Club"]
[Date "2017.06.17"]
[Round "1"]
[White "Packerfan"]
[Black "calsal"]
[Result "1-0"]
[WhiteElo "1697"]
[BlackElo "1726"]
[Opening "two knights: Max Lange attack, Rubinstein variation"]
[ECO "C55"]
[Time "10:10:55"]
[TimeControl "2700+45"]

1. e4 e5 2. Nf3 Nc6 3. Bc4 Nf6 4. d4 exd4 5. O-O Bc5 6. e5 d5 7. exf6 dxc4 8.
Re1+ Be6 9. Ng5 Qd5 10. Nc3 Qf5 11. Nce4 Bf8 12. fxg7 Bxg7 13. Nxf7 Kd7 14. Nxh8
Bxh8 15. Ng3 Qg6 16. a3 Rf8 17. Qe2 Be5 18. Bd2 Bd5 19. Bb4 Rf7 20. Rad1 a5 21.
Rxd4 axb4 22. Rxd5+ Kc8 23. Rxe5 Nxe5 24. Qxe5 {Black resigns} 1-0

[Event "Team 45 45 League T73"]
[Site "Internet Chess Club"]
[Date "2017.06.16"]
[Round "1"]
[White "Yedixon"]
[Black "harlyman"]
[Result "1-0"]
[WhiteElo "1700"]
[BlackElo "1659"]
[Opening "Petrov: classical attack, Jaenisch variation"]
[ECO "C42"]
[Time "14:40:04"]
[TimeControl "2700+45"]

1. e4 e5 2. Nf3 Nf6 3. Nxe5 d6 4. Nf3 Nxe4 5. d4 d5 6. Bd3 Be7 7. O-O Nc6 8. c4
Nf6 9. Nc3 Be6 10. c5 O-O 11. Re1 Re8 12. Rb1 Nb4 13. a3 Nxd3 14. Qxd3 c6 15.
Ne5 Qc8 16. Qg3 Bf8 17. b4 Bf5 18. Rb2 Ne4 19. Nxe4 Bxe4 20. f3 Bg6 21. Rbe2 Bd6
22. Bf4 Bxe5 23. Bxe5 f6 24. Bd6 Rxe2 25. Rxe2 Qf5 26. Qe1 Qd3 27. Qd2 Qxa3 28.
Re7 b6 29. h3 bxc5 30. Bxc5 Qa4 31. Qe2 a5 32. Qe6+ Kh8 33. Ra7 Re8 34. Qd7 Qd1+
35. Kh2 Rg8 36. Bf8 h5 37. Bxg7+ Kh7 38. Bxf6+ Kh6 39. h4 Qd2 40. Bg5+ {Black
resigns} 1-0

[Event "Team 45 45 League T73"]
[Site "Internet Chess Club"]
[Date "2017.06.14"]
[Round "1"]
[White "tryanything"]
[Black "KidRattler"]
[Result "0-1"]
[WhiteElo "1586"]
[BlackElo "1636"]
[Opening "Queen's pawn game"]
[ECO "A46"]
[Time "18:55:56"]
[TimeControl "2700+45"]

1. d4 Nf6 2. Nf3 e6 3. Bf4 d5 4. e3 c5 5. c3 Nc6 6. Bd3 Bd7 7. Nbd2 Nh5 8. Bg3
Nxg3 9. hxg3 h6 10. Ne5 Nxe5 11. dxe5 Qc7 12. f4 c4 13. Bc2 Qb6 14. Rb1 Qxe3+
15. Qe2 Qxg3+ 16. Qf2 Qxf2+ 17. Kxf2 Bc5+ 18. Ke2 Bc6 19. Nf3 O-O-O 20. Nd4 Bxd4
21. cxd4 b5 22. Ke3 a5 23. b4 axb4 24. Rxb4 Kc7 25. Bb1 Ra8 26. g4 f6 27. Rh2
fxe5 28. fxe5 Ra3+ 29. Ke2 Rf8 30. Rf2 Rxf2+ 31. Kxf2 c3 32. Rb3 Rxb3 33. axb3
b4 34. Kg3 Bb5 35. Bg6 Kd7 36. Kh4 Ke7 37. g5 Be2 38. Bc2 Bf3 39. gxh6 gxh6
{White resigns} 0-1

[Event "Team 45 45 League T73"]
[Site "Internet Chess Club"]
[Date "2017.06.15"]
[Round "1"]
[White "mongmong"]
[Black "kutch"]
[Result "1/2-1/2"]
[WhiteElo "1491"]
[BlackElo "1472"]
[Opening "Colle system"]
[ECO "D04"]
[Time "21:01:22"]
[TimeControl "2700+45"]

1. d4 Nf6 2. Nf3 d5 3. e3 c5 4. c3 e6 5. Bd3 Nc6 6. Nbd2 Bd6 7. Qe2 O-O 8. O-O
e5 9. dxc5 Bxc5 10. e4 d4 11. Nb3 Bb6 12. cxd4 Nxd4 13. Nfxd4 exd4 14. Bg5 h6
15. Bh4 g5 16. Bg3 Re8 17. f3 Nd5 18. a3 Ne3 19. Rfc1 Be6 20. Nd2 Rc8 21. Kh1 a6
22. Bf2 Re7 23. Bxe3 dxe3 24. Nf1 Rd7 25. Rxc8 Qxc8 26. Nxe3 Qd8 27. Rd1 Bb3 28.
Bc2 Bxc2 29. Rxd7 Qxd7 30. Nxc2 Qc6 31. h3 Qc5 32. Kh2 Qe5+ 33. g3 Qxb2 34. h4
gxh4 35. gxh4 Qe5+ 36. Kh3 Qe6+ 37. Kg2 Qg6+ 38. Kh3 Qe6+ 39. Kg2 Qg6+ 40. Kh3
{Game drawn by mutual agreement} 1/2-1/2

[Event "Team 45 45 League T73"]
[Site "Internet Chess Club"]
[Date "2017.06.16"]
[Round "1"]
[White "Pawnchain"]
[Black "idjit"]
[Result "0-1"]
[WhiteElo "1449"]
[BlackElo "1623"]
[Opening "Queen's pawn game"]
[ECO "A46"]
[Time "12:04:01"]
[TimeControl "2700+45"]

1. d4 Nf6 2. Nf3 e6 3. Bf4 b6 4. Nbd2 Bb7 5. e3 Be7 6. Bd3 d6 7. Bg3 Nbd7 8. c3
e5 9. dxe5 dxe5 10. Qc2 Bd6 11. Bh4 Qe7 12. Ne4 O-O-O 13. O-O-O h6 14. Nxd6+
cxd6 15. Rhe1 e4 16. Nd4 exd3 17. Qxd3 Ne5 18. Qf5+ Kb8 19. Bxf6 Qxf6 20. Qxf6
gxf6 21. f3 Rhg8 22. Rd2 Kc7 23. Nb5+ Kc6 24. Nxa7+ Kd7 25. Nb5 Ke6 26. e4 Ke7
27. Nd4 Ba6 28. Re3 Nc4 29. Nf5+ Ke8 30. Rd4 Nxe3 31. Nxe3 Kd7 32. Nd5 Kc6 33.
Ne7+ Kc5 34. b4+ Kb5 35. g3 Rge8 36. Nd5 Kc6 37. Nxf6 Re6 38. Nd5 Be2 39. a4
Bxf3 40. b5+ Kb7 {White resigns} 0-1

[Event "Team 45 45 League T73"]
[Site "Internet Chess Club"]
[Date "2017.06.18"]
[Round "1"]
[White "Demachaeron"]
[Black "liujf"]
[Result "0-1"]
[WhiteElo "1584"]
[BlackElo "1614"]
[Opening "Grünfeld: Three knights variation"]
[ECO "D90"]
[Time "19:00:56"]
[TimeControl "2700+45"]

1. d4 Nf6 2. c4 g6 3. Nc3 d5 4. Nf3 Bg7 5. cxd5 Nxd5 6. e4 Nf6 7. e5 Nd5 8. Bd3
c5 9. Qb3 Nb4 10. Bc4 O-O 11. d5 Bf5 12. O-O Nc2 13. Qxb7 Nd7 14. Nh4 Nxe5 15.
Nxf5 gxf5 16. Bb3 Nxa1 17. Ba4 Qb6 18. Qxe7 Bf6 19. d6 Bxe7 20. dxe7 Rfc8 21.
Nd5 Qd6 22. Rd1 Qa6 23. b3 Nc2 24. Nc7 Qe2 25. Rf1 Rxc7 26. e8=Q+ Rxe8 27. Bxe8
Re7 28. Ba4 Nd4 29. Bf4 Nd3 30. Bd6 Qxf1+ {White resigns} 0-1

[Event "Team 45 45 League T73"]
[Site "Internet Chess Club"]
[Date "2017.06.18"]
[Round "1"]
[White "crazyhorses"]
[Black "g8wrb"]
[Result "1-0"]
[WhiteElo "1349"]
[BlackElo "1157"]
[Opening "French: King's Indian attack"]
[ECO "C00"]
[Time "06:00:58"]
[TimeControl "2700+45"]

1. e4 e6 2. d3 d5 3. Nd2 Nf6 4. Ngf3 b6 5. c3 Ba6 6. Be2 dxe4 7. dxe4 Bxe2 8.
Qxe2 Bc5 9. O-O O-O 10. Nb3 Be7 11. Rd1 Qc8 12. Bg5 Nc6 13. Nbd4 Qb7 14. e5 Nd5
15. Bxe7 Ncxe7 16. Qe4 c6 17. Ng5 Ng6 18. h4 h6 19. Ngxe6 fxe6 20. Qxg6 Nf4 21.
Qg4 c5 22. Nxe6 Nxe6 23. Qxe6+ Kh8 24. Rd7 Qe4 25. Qe7 Qg4 26. Rxa7 Rae8 27. Qd6
Qxh4 28. Rf1 Qf4 29. Qxb6 Qxe5 30. Qc7 Qf5 31. Qxg7# {Black checkmated} 1-0